[ AOE2 MATCH · #506555084 ]
UnrankedDravidians vs Vietnamese
Player's team · LOSS
Rival team · WIN
[ REPLAY ANALYSIS · EXTRACTED FROM THE RECORDED GAME ]
Feudal
8:53
Castle
—
Imperial
—
| APM avg | 58.2 |
| APM peak | 92 |
| eAPM avg | 24.7 |
| Villagers / military | 40 / 31 |
Focus
⚔️ 49.1% · 🌾 50.9%
Skirmisher ×14 · Archer ×12 · Militia ×5
Feudal
9:56
Castle
—
Imperial
—
| APM avg | 48.4 |
| APM peak | 77 |
| eAPM avg | 19.2 |
| Villagers / military | 37 / 19 |
Focus
⚔️ 25.2% · 🌾 74.8%
Archer ×14 · Skirmisher ×5
Match map
Initial resources + every placement click. Lines = walls · curves = elevation contours. ◆ gold · ⬟ stone · ● berries · ✦ relic · ◌ wall gap
Your base· Open — opponent sealed themselves in
SlowBoy's base· ✓ Closed at 12:00 · 34t walls · no gate
Smoothed initial terrain · ◌ = detected wall gap · hover for details
Inputs per minute
— RD | El_Zapatero22 - - SlowBoy
Build order — RD | El_Zapatero22
102 actions detected in the replay
| 0:00 | Create | Villager (Male) ×4 |
| 0:02 | Build | House |
| 0:02 | Build | House |
| 1:28 | Create | Villager (Male) |
| 1:29 | Create | Villager (Male) |
| 1:48 | Create | Villager (Male) |
| 1:56 | Build | Lumber Camp |
| 2:06 | Create | Villager (Male) |
| 2:40 | Create | Villager (Male) |
| 2:40 | Create | Villager (Male) |
| 3:10 | Create | Villager (Male) |
| 3:37 | Build | House |
| 3:42 | Create | Villager (Male) |
| 3:48 | Create | Villager (Male) |
| 4:37 | Create | Villager (Male) |
| 4:38 | Create | Villager (Male) |
| 4:57 | Create | Villager (Male) |
| 5:25 | Create | Villager (Male) |
| 5:38 | Build | Barracks |
| 6:06 | Research | Loom |
| 6:18 | Build | House |
| 6:43 | Research | Feudal Age |
| 7:08 | Create | Militia |
| 7:08 | Create | Militia |
| 7:34 | Build | Mining Camp |
| 7:37 | Create | Militia |
| 7:37 | Create | Militia |
| 8:03 | Create | Militia |
| 8:20 | Build | House |
| 8:53 | Age | Feudal Age |
| 8:53 | Create | Villager (Male) |
| 8:55 | Build | Archery Range |
| 9:00 | Build | Archery Range |
| 9:04 | Research | Man-at-Arms (upgrade) |
| 9:10 | Create | Villager (Male) |
| 9:29 | Build | Mill |
| 9:41 | Create | Villager (Male) |
| 9:56 | Create | Archer |
| 9:56 | Create | Archer |
| 10:05 | Create | Villager (Male) |
| 10:08 | Create | Archer |
| 10:15 | Research | Arson |
| 10:29 | Create | Villager (Male) |
| 10:36 | Create | Archer |
| 10:42 | Build | House |
| 11:00 | Create | Villager (Male) |
| 11:14 | Create | Skirmisher |
| 11:42 | Create | Villager (Male) |
| 11:44 | Create | Archer |
| 11:45 | Create | Archer |
| 11:48 | Build | Farm |
| 12:06 | Build | Farm |
| 12:12 | Create | Villager (Male) |
| 12:23 | Build | Blacksmith |
| 12:33 | Build | Farm |
| 12:37 | Create | Villager (Male) |
| 12:56 | Create | Archer |
| 12:57 | Create | Archer |
| 13:03 | Build | House |
| 13:17 | Research | Fletching |
| 13:17 | Research | Fletching |
| 13:17 | Research | Fletching |
| 13:26 | Create | Archer |
| 13:26 | Create | Archer |
| 13:39 | Create | Villager (Male) |
| 13:56 | Build | Farm |
| 13:58 | Build | Farm |
| 13:59 | Build | Farm |
| 14:10 | Create | Skirmisher |
| 14:10 | Create | Skirmisher |
| 14:13 | Create | Villager (Male) |
| 14:13 | Create | Villager (Male) |
| 14:15 | Create | Skirmisher |
| 14:17 | Create | Archer |
| 14:28 | Build | Watch Tower |
| 14:36 | Build | House |
| 14:50 | Create | Villager (Male) |
| 15:01 | Create | Skirmisher |
| 15:01 | Create | Skirmisher |
| 15:02 | Build | House |
| 15:05 | Create | Villager (Male) |
| 15:12 | Create | Villager (Male) |
| 15:32 | Create | Skirmisher |
| 15:32 | Create | Skirmisher |
| 15:33 | Create | Villager (Male) |
| 15:33 | Create | Archer |
| 15:52 | Create | Villager (Male) |
| 16:09 | Create | Villager (Male) |
| 16:20 | Create | Villager (Male) |
| 16:29 | Create | Skirmisher |
| 16:29 | Create | Skirmisher |
| 16:54 | Create | Villager (Male) |
| 16:57 | Create | Skirmisher |
| 17:02 | Research | Padded Archer Armor |
| 17:14 | Build | Watch Tower |
| 17:15 | Create | Skirmisher |
| 17:18 | Create | Villager (Male) |
| 17:34 | Create | Skirmisher |
| 17:34 | Create | Skirmisher |
| 17:36 | Create | Villager (Male) |
| 17:52 | Build | Watch Tower |
| 17:55 | Create | Villager (Male) |
Build order — SlowBoy
101 actions detected in the replay
| 0:01 | Create | Villager (Male) |
| 0:01 | Create | Villager (Male) |
| 0:02 | Build | House |
| 0:03 | Build | House |
| 0:07 | Create | Villager (Male) |
| 0:07 | Create | Villager (Male) |
| 1:35 | Create | Villager (Male) |
| 2:04 | Create | Villager (Male) |
| 2:09 | Build | Lumber Camp |
| 2:22 | Create | Villager (Male) |
| 2:22 | Create | Villager (Male) |
| 2:53 | Create | Villager (Male) |
| 2:54 | Create | Villager (Male) |
| 3:02 | Build | House |
| 3:09 | Create | Villager (Male) |
| 3:44 | Create | Villager (Male) |
| 3:45 | Create | Villager (Male) |
| 4:15 | Create | Villager (Male) |
| 4:36 | Build | House |
| 4:41 | Create | Villager (Male) |
| 5:13 | Build | Mill |
| 5:17 | Build | Palisade Wall |
| 5:20 | Create | Villager (Male) |
| 5:20 | Create | Villager (Male) |
| 5:44 | Create | Villager (Male) |
| 5:54 | Build | Palisade Wall |
| 6:07 | Research | Loom |
| 6:40 | Build | Palisade Wall |
| 7:10 | Create | Villager (Male) |
| 7:14 | Build | House |
| 7:46 | Research | Feudal Age |
| 7:51 | Build | Barracks |
| 7:55 | Build | House |
| 8:12 | Build | Palisade Wall |
| 8:29 | Create | Villager (Male) |
| 8:52 | Build | Mining Camp |
| 9:34 | Build | House |
| 9:56 | Age | Feudal Age |
| 10:01 | Create | Villager (Male) |
| 10:10 | Build | Archery Range |
| 10:13 | Research | Double-Bit Axe |
| 10:13 | Research | Double-Bit Axe |
| 10:22 | Build | House |
| 10:28 | Create | Villager (Male) |
| 10:34 | Research | Horse Collar |
| 10:46 | Build | Palisade Wall |
| 10:57 | Create | Archer |
| 11:00 | Create | Villager (Male) |
| 11:06 | Build | Farm |
| 11:09 | Build | Farm |
| 11:11 | Create | Archer |
| 11:22 | Create | Villager (Male) |
| 11:23 | Create | Skirmisher |
| 11:48 | Build | Blacksmith |
| 11:56 | Create | Archer |
| 12:00 | Create | Villager (Male) |
| 12:17 | Create | Archer |
| 12:20 | Build | Farm |
| 12:21 | Build | Farm |
| 12:30 | Create | Villager (Male) |
| 12:45 | Build | Farm |
| 13:00 | Create | Archer |
| 13:10 | Research | Fletching |
| 13:13 | Build | Farm |
| 13:15 | Create | Archer |
| 13:23 | Build | Farm |
| 13:45 | Build | House |
| 13:45 | Build | House |
| 13:51 | Build | Farm |
| 13:52 | Create | Villager (Male) |
| 13:54 | Create | Archer |
| 14:09 | Create | Villager (Male) |
| 14:12 | Build | Farm |
| 14:14 | Build | House |
| 14:24 | Research | Padded Archer Armor |
| 14:29 | Create | Archer |
| 14:30 | Build | Farm |
| 14:50 | Build | House |
| 14:54 | Create | Villager (Male) |
| 14:57 | Build | Farm |
| 15:04 | Create | Archer |
| 15:41 | Create | Archer |
| 15:42 | Create | Villager (Male) |
| 15:42 | Create | Villager (Male) |
| 16:01 | Build | Archery Range |
| 16:26 | Create | Archer |
| 16:36 | Create | Villager (Male) |
| 16:36 | Create | Villager (Male) |
| 16:54 | Create | Archer |
| 16:57 | Create | Skirmisher |
| 16:58 | Create | Skirmisher |
| 17:01 | Create | Villager (Male) |
| 17:02 | Build | Farm |
| 17:06 | Create | Villager (Male) |
| 17:08 | Create | Skirmisher |
| 17:30 | Create | Skirmisher |
| 17:30 | Create | Archer |
| 17:33 | Create | Archer |
| 17:53 | Create | Villager (Male) |
| 18:04 | Research | Gold Mining |
| 18:05 | Create | Villager (Male) |
Match timeline
| 5:17 | SlowBoy · wall_segment Palisade Wall x4 |
| 5:38 | RD | El_Zapatero22 · first_building Barracks |
| 5:54 | SlowBoy · wall_segment Palisade Wall x7 |
| 6:40 | SlowBoy · wall_segment Palisade Wall x9 |
| 7:51 | SlowBoy · first_building Barracks |
| 8:12 | SlowBoy · wall_segment Palisade Wall x13 |
| 8:53 | RD | El_Zapatero22 · age_up feudal |
| 8:55 | RD | El_Zapatero22 · first_building Archery Range |
| 9:56 | SlowBoy · age_up feudal |
| 10:10 | SlowBoy · first_building Archery Range |
| 10:46 | SlowBoy · wall_segment Palisade Wall x1 |
| 18:18 | RD | El_Zapatero22 · resign |
[ AI ANALYSIS · 1 CREDIT ]
What really happened in this match?
Wolo.gg analyzes every decision: build order, eco, micro, common mistakes by bracket. Personalized analysis on WhatsApp or Discord in 30 seconds.
Civ guide
Dravidians
Perfil
Jugador #17795993